Boston Bruins vs Montreal Canadiens

Created - lundi 17 décembre 2018 at 19:00

Goals
1 2 3 T
Boston Bruins 0 2 4 6
Montreal Canadiens 1 0 1 2
Shots
1 2 3 T
Boston Bruins 2 12 15 29
Montreal Canadiens 10 7 7 24

1st period

1. Montreal Canadiens , Max Pacioretty 11 (Brendan Gallagher 8, Greg Pateryn 3) at 6:18

Penalties :
No Penalty

2nd period

2. Boston Bruins , Ryan Donato 7 (Riley Nash 8, Ryan Spooner 7) at 1:02
3. Boston Bruins , Ryan O'Reilly 7 (Jonathan Marchessault 8) at 1:42

Penalties :
Greg Pateryn (MTL) for Holding (Minor) at 8:12, Antoine Roussel (BOS) for High sticking (Minor) at 17:55

3rd period

4. Boston Bruins , Jonathan Marchessault 6 (Ryan O'Reilly 18) at 2:20
5. Montreal Canadiens , Nick Ritchie 1 (Jeff Petry 13, Chris Wagner 3) at 2:56
6. Boston Bruins , Brad Marchand 12 (Tyler Seguin 22, David Pastrnak 11) at 10:58
7. Boston Bruins , Charlie McAvoy 3 (Joe Pavelski 14, Ryan O'Reilly 19) at 11:20 (PP)
8. Boston Bruins , Riley Nash 6 (Ryan Spooner 8) at 13:15

Penalties :
Derek MacKenzie (BOS) for Roughing (Minor) at 7:55, Tomas Plekanec (MTL) for Hooking (Minor) at 11:15, Nick Ritchie (MTL) for Fighting (Major) at 15:00, Will Butcher (BOS) for Fighting (Major) at 15:00, Torey Krug (BOS) for Hooking (Minor) at 15:22

Goalie Stats

Aaron Dell (BOS), 22 saves from 24 shots - (0.917), W, 2-3-0, 60:00 minutes
Antti Niemi (MTL), 23 saves from 29 shots - (0.793), L, 3-4-1, 60:00 minutes

Players Stats for Boston Bruins

Player Name              G  A  P  +/- PIM S  H  SB GA TA FO     MP     PP MP  PK MP  
------------------------------------------------------------------------------------
Adam McQuaid             0  0  0   1  0   0  3  1  0  0  0/0    20:30   0:00   0:53 
Antoine Roussel          0  0  0   0  2   2  1  0  2  0  1/2    11:43   0:00   1:12 
Brad Marchand            1  0  1   0  0   1  2  1  0  0  1/1    18:25   1:06   0:33 
Brandon Carlo            0  0  0   1  0   0  0  0  0  0  0/0    16:10   0:00   3:14 
Charlie McAvoy           1  0  1   1  0   2  4  1  1  0  0/0    22:59   1:12   3:02 
David Pastrnak           0  1  1   0  0   1  4  0  0  0  1/2    17:29   1:06   0:08 
Derek MacKenzie          0  0  0   0  2   1  1  0  0  0  4/7    11:42   0:00   2:00 
Joe Pavelski             0  1  1   1  0   3  3  0  1  2  0/0    17:54   0:58   1:06 
Jonathan Marchessault    1  1  2   1  0   3  1  1  0  0  0/0    16:42   0:58   0:00 
Niklas Hjalmarsson       0  0  0   1  0   0  2  1  0  1  0/0    22:52   0:52   2:55 
Riley Nash               1  1  2   2  0   2  0  1  1  1  3/6    14:15   0:00   3:03 
Ryan Donato              1  0  1   2  0   1  2  1  0  0  0/0    11:07   0:00   0:00 
Ryan O'Reilly            1  2  3   1  0   2  2  2  0  0  12/17  19:13   0:58   2:10 
Ryan Spooner             0  2  2   2  0   1  2  0  0  0  0/0    11:07   0:00   0:00 
Tim Schaller             0  0  0   0  0   1  2  0  0  0  0/0    10:21   0:00   1:50 
Torey Krug               0  0  0   1  2   2  1  0  0  0  0/0    21:45   1:12   1:42 
Tyler Seguin             0  1  1   0  0   6  2  1  0  0  17/23  17:24   1:06   0:00 
Will Butcher             0  0  0   1  5   1  0  0  0  0  0/0    12:21   0:52   0:00 

Players Stats for Montreal Canadiens

Player Name              G  A  P  +/- PIM S  H  SB GA TA FO     MP     PP MP  PK MP  
------------------------------------------------------------------------------------
Alexander Radulov        0  0  0  -1  0   3  0  0  1  0  0/1    16:22   2:59   0:00 
Andrew Shaw              0  0  0   0  0   0  4  0  0  0  6/17   17:12   2:40   0:16 
Anthony Beauvillier      0  0  0  -1  0   0  4  0  1  0  0/0    16:02   2:29   0:00 
Artturi Lehkonen         0  0  0  -2  0   0  2  0  0  0  0/2    14:22   0:24   0:54 
Brendan Gallagher        0  1  1   0  0   4  2  1  0  0  0/1    16:23   2:40   0:00 
Chris Wagner             0  1  1   0  0   0  2  1  0  0  0/12   14:50   0:03   0:59 
Esa Lindell              0  0  0  -2  0   0  1  0  1  1  0/0    21:16   2:59   1:15 
Francois Beauchemin      0  0  0  -1  0   0  2  1  0  1  0/0    17:25   0:00   0:49 
Greg Pateryn             0  1  1   0  2   0  2  0  0  0  0/0    10:49   0:00   0:00 
Jeff Petry               0  1  1   1  0   1  3  1  0  0  0/0    22:03   2:58   0:52 
Kenny Agostino           0  0  0   0  0   0  1  0  0  0  0/0    13:20   0:00   0:02 
Max Pacioretty           1  0  1   0  0   4  1  0  0  1  0/1    16:55   2:58   1:08 
Mikhail Sergachev        0  0  0   0  0   0  2  1  0  1  0/0    20:20   2:58   0:00 
Nick Ritchie             1  0  1   0  5   2  2  0  1  0  0/2    12:24   0:00   0:00 
P.K. Subban              0  0  0  -4  0   3  1  1  0  1  0/0    24:26   2:59   1:12 
Tomas Plekanec           0  0  0  -2  2   1  1  0  0  0  7/12   13:52   0:00   0:49 
Tomas Tatar              0  0  0  -2  0   5  2  0  0  0  0/0    13:55   0:51   0:00 
Vladimir Sobotka         0  0  0  -1  0   1  2  0  0  0  6/10   15:57   2:47   0:00 

3 Stars

1 - Ryan O'Reilly (BOS)
2 - Riley Nash (BOS)
3 - Jonathan Marchessault (BOS)

Power Play

Boston Bruins - 1 on 2 Attempt(s) - 50.00%
Montreal Canadiens - 0 on 3 Attempt(s) - 0.00%

Penalty Kill

Boston Bruins - 3 on 3 Attempt(s) - 100.00% - Score 0 goal in Penalty Kill
Montreal Canadiens - 1 on 2 Attempt(s) - 50.00% - Score 0 goal in Penalty Kill

Team Stat

Boston Bruins - Hits : 32 - Faceoff Wins : 39 - Blocked Shots : 10 - Penalty Minutes : 11
Montreal Canadiens - Hits : 34 - Faceoff Wins : 19 - Blocked Shots : 6 - Penalty Minutes : 9

Official

Referees : Frederick L'Ecuyer and Ghislain Hebert
Linesman : Ryan Galloway and Ryan Daisy

Game Notes

Greg Pateryn is injured at 16:51 of 2nd period (Right Leg)
Nick Ritchie beats up Will Butcher at 15:00 of 3rd period

Finance

Level 1 -- Attendance: 10660 (97.80%) -- Ticket Income fr. 852'800
Level 2 -- Attendance: 1721 (76.49%) -- Ticket Income fr. 111'865
Level 3 -- Attendance: 3306 (87.00%) -- Ticket Income fr. 115'710
Level 4 -- Attendance: 1500 (100.00%) -- Ticket Income fr. 30'000
Luxury Box -- Attendance: 47 (94.00%) -- Ticket Income fr. 9'400
Game was played at the Bell Centre.
Total Attendance: 17234 (93.16%)
Total Ticket Income: fr. 1'119'775
Total Income: fr. 1'119'775

Boston Bruins

5 vs 5 Forward 
   Center                   Left Wing                Right Wing               Time % Phy DF OF 
 1 Tyler Seguin             Brad Marchand            David Pastrnak           33     0   2  3  
 2 Ryan O'Reilly            Jonathan Marchessault    Joe Pavelski             31     0   2  3  
 3 Riley Nash               Ryan Donato              Ryan Spooner             23     1   2  2  
 4 Derek MacKenzie          Antoine Roussel          Tim Schaller             13     1   3  1  

5 vs 5 Defense 
   Defense                  Defense                                           Time % Phy DF OF 
 1 Charlie McAvoy           Adam McQuaid                                      38     1   2  2  
 2 Torey Krug               Niklas Hjalmarsson                                37     1   2  2  
 3 Will Butcher             Brandon Carlo                                     25     1   2  2  
 4 Charlie McAvoy           Torey Krug                                        0      1   2  2  

PowerPlay Forward 
   Center                   Left Wing                Right Wing               Time % Phy DF OF 
 1 Tyler Seguin             Brad Marchand            David Pastrnak           50     1   1  3  
 2 Ryan O'Reilly            Jonathan Marchessault    Joe Pavelski             50     1   1  3  

PowerPlay Defense
   Defense                  Defense                                           Time % Phy DF OF 
 1 Charlie McAvoy           Torey Krug                                        60     1   1  3  
 2 Will Butcher             Niklas Hjalmarsson                                40     1   1  3  

Penalty Kill 4 Players Forward 
   Center                   Wing                     Time % Phy DF OF 
 1 Derek MacKenzie          Riley Nash               55     1   3  1  
 2 Ryan O'Reilly            Tim Schaller             45     1   3  1  

Penalty Kill 4 Players Defense
   Defense                  Defense                  Time % Phy DF OF 
 1 Torey Krug               Charlie McAvoy           50     1   3  1  
 2 Niklas Hjalmarsson       Brandon Carlo            50     1   3  1  

Penalty Kill - 3 Players Forward 
   Forward                                           Time % Phy DF OF 
 1 Derek MacKenzie                                   50     1   4  0  
 2 Riley Nash                                        50     1   4  0  

Penalty Kill - 3 Players Defense
   Defense                  Defense                  Time % Phy DF OF 
 1 Will Butcher             Brandon Carlo            50     1   2  2  
 2 Charlie McAvoy           Niklas Hjalmarsson       50     1   2  2  

4 vs 4 Forward 
   Center                   Wing                     Time % Phy DF OF 
 1 Tyler Seguin             Brad Marchand            50     1   1  3  
 2 Joe Pavelski             David Pastrnak           50     1   1  3  

4 vs 4 Defense
   Defense                  Defense                  Time % Phy DF OF 
 1 Charlie McAvoy           Torey Krug               50     1   2  2  
 2 Brandon Carlo            Will Butcher             50     1   2  2  

Last Minutes Offensive
   Center                   Left Wing                Right Wing               Defense                  Defense                  
   Tyler Seguin             Brad Marchand            David Pastrnak           Charlie McAvoy           Torey Krug               

Last Minutes Defensive
   Center                   Left Wing                Right Wing               Defense                  Defense                  
   Ryan O'Reilly            Derek MacKenzie          Riley Nash               Adam McQuaid             Niklas Hjalmarsson       

Goaltenders
Starting : Aaron Dell               
Backup : Tuukka Rask              

Extra Forwards
Normal : David Pastrnak, Ryan Spooner, Tyler Seguin - PP : Riley Nash, Ryan Spooner - PK : Antoine Roussel
Extra Defensemen
Normal : Will Butcher, Brandon Carlo, Charlie McAvoy - PP : Will Butcher - PK : Brandon Carlo, Charlie McAvoy
Penalty Shots
Riley Nash, Tyler Seguin, Ryan O'Reilly, Joe Pavelski, David Pastrnak
Custom OT Lines Forwards
Brad Marchand, Tyler Seguin, Ryan O'Reilly, Joe Pavelski, David Pastrnak, Jonathan Marchessault, Riley Nash, Ryan Spooner, Tim Schaller, Derek MacKenzie
Custom OT Lines Defensemen
Charlie McAvoy, Torey Krug, Brandon Carlo, Niklas Hjalmarsson, Will Butcher

Scratches
Kevan Miller (Strained Right Knee Injury), Noel Acciari (Healthy), Austin Czarnik (Healthy)

Montreal Canadiens

5 vs 5 Forward 
   Center                   Left Wing                Right Wing               Time % Phy DF OF 
 1 Vladimir Sobotka         Anthony Beauvillier      Alexander Radulov        25     1   2  2  
 2 Andrew Shaw              Max Pacioretty           Brendan Gallagher        25     1   2  2  
 3 Tomas Plekanec           Tomas Tatar              Artturi Lehkonen         25     1   2  2  
 4 Chris Wagner             Nick Ritchie             Kenny Agostino           25     1   2  2  

5 vs 5 Defense 
   Defense                  Defense                                           Time % Phy DF OF 
 1 Esa Lindell              P.K. Subban                                       35     1   2  2  
 2 Mikhail Sergachev        Jeff Petry                                        35     1   2  2  
 3 Francois Beauchemin      Greg Pateryn                                      30     1   2  2  
 4 Jeff Petry               P.K. Subban                                       0      1   2  2  

PowerPlay Forward 
   Center                   Left Wing                Right Wing               Time % Phy DF OF 
 1 Vladimir Sobotka         Anthony Beauvillier      Alexander Radulov        50     1   2  2  
 2 Andrew Shaw              Max Pacioretty           Brendan Gallagher        50     1   2  2  

PowerPlay Defense
   Defense                  Defense                                           Time % Phy DF OF 
 1 Esa Lindell              P.K. Subban                                       50     1   2  2  
 2 Mikhail Sergachev        Jeff Petry                                        50     1   2  2  

Penalty Kill 4 Players Forward 
   Center                   Wing                     Time % Phy DF OF 
 1 Chris Wagner             Max Pacioretty           50     1   2  2  
 2 Tomas Plekanec           Artturi Lehkonen         50     1   2  2  

Penalty Kill 4 Players Defense
   Defense                  Defense                  Time % Phy DF OF 
 1 Esa Lindell              P.K. Subban              50     1   2  2  
 2 Greg Pateryn             Jeff Petry               50     1   2  2  

Penalty Kill - 3 Players Forward 
   Forward                                           Time % Phy DF OF 
 1 Chris Wagner                                      50     1   2  2  
 2 Tomas Plekanec                                    50     1   2  2  

Penalty Kill - 3 Players Defense
   Defense                  Defense                  Time % Phy DF OF 
 1 Esa Lindell              P.K. Subban              50     1   2  2  
 2 Greg Pateryn             Jeff Petry               50     1   2  2  

4 vs 4 Forward 
   Center                   Wing                     Time % Phy DF OF 
 1 Andrew Shaw              Max Pacioretty           50     1   2  2  
 2 Vladimir Sobotka         Alexander Radulov        50     1   2  2  

4 vs 4 Defense
   Defense                  Defense                  Time % Phy DF OF 
 1 Esa Lindell              P.K. Subban              50     1   2  2  
 2 Mikhail Sergachev        Jeff Petry               50     1   2  2  

Last Minutes Offensive
   Center                   Left Wing                Right Wing               Defense                  Defense                  
   Vladimir Sobotka         Brendan Gallagher        Alexander Radulov        Jeff Petry               P.K. Subban              

Last Minutes Defensive
   Center                   Left Wing                Right Wing               Defense                  Defense                  
   Tomas Plekanec           Max Pacioretty           Chris Wagner             Jeff Petry               P.K. Subban              

Goaltenders
Starting : Antti Niemi              
Backup : Carey Price              

Extra Forwards
Normal : Brendan Gallagher, Alexander Radulov, Tomas Tatar - PP : Tomas Tatar, Artturi Lehkonen - PK : Artturi Lehkonen
Extra Defensemen
Normal : P.K. Subban, Jeff Petry, Esa Lindell - PP : Francois Beauchemin - PK : P.K. Subban, Francois Beauchemin
Penalty Shots
Alexander Radulov, Tomas Tatar, Brendan Gallagher, Anthony Beauvillier, Max Pacioretty
Custom OT Lines Forwards
Vladimir Sobotka, Alexander Radulov, Brendan Gallagher, Max Pacioretty, Andrew Shaw, Tomas Tatar, Anthony Beauvillier, Kenny Agostino, Tomas Plekanec, Artturi Lehkonen
Custom OT Lines Defensemen
P.K. Subban, Jeff Petry, Mikhail Sergachev, Esa Lindell, Francois Beauchemin

Scratches
Matt Hendricks (Sports Hernia Injury), Charles Hudon (Suspend), Al Montoya (Healthy)

% Time on Ice - Boston Bruins

Lines # - Real PCT - Wanted PCT - Time Play
Normal Forward
1 - 32% - 33% - 16:37
2 - 30% - 31% - 15:44
3 - 21% - 23% - 11:07
4 - 16% - 13% - 8:31
Normal Defense
1 - 38% - 38% - 19:51
2 - 36% - 37% - 18:51
3 - 26% - 25% - 13:17
4 - 0% - 0% - 0:00
PP Forward
1 - 53% - 50% - 1:06
2 - 47% - 50% - 0:58
PP Defense
1 - 58% - 60% - 1:12
2 - 42% - 40% - 0:52
PK Forward
1 - 69% - 55% - 4:07
2 - 31% - 45% - 1:50
PK Defense
1 - 51% - 50% - 3:02
2 - 49% - 50% - 2:55
PK3 Forward
1 - 0% - 50%
2 - 0% - 50%
PK3 Defense
1 - 0% - 50%
2 - 0% - 50%
44 Forward
1 - 0% - 50%
2 - 0% - 50%
44 Defense
1 - 0% - 50%
2 - 0% - 50%
Last Minute Offensive  - 0:00
Last Minute Defensive  - 0:00
Total
Forward - 60:00
Defense - 60:00

% Time on Ice - Montreal Canadiens

Lines # - Real PCT - Wanted PCT - Time Play
Normal Forward
1 - 25% - 25% - 13:11
2 - 24% - 25% - 12:27
3 - 25% - 25% - 13:04
4 - 26% - 25% - 13:17
Normal Defense
1 - 30% - 35% - 15:46
2 - 33% - 35% - 17:09
3 - 34% - 30% - 17:54
4 - 2% - 0% - 1:10
PP Forward
1 - 50% - 50% - 2:59
2 - 50% - 50% - 2:58
PP Defense
1 - 50% - 50% - 2:59
2 - 50% - 50% - 2:58
PK Forward
1 - 56% - 50% - 1:10
2 - 44% - 50% - 0:54
PK Defense
1 - 49% - 50% - 1:01
2 - 51% - 50% - 1:03
PK3 Forward
1 - 0% - 50%
2 - 0% - 50%
PK3 Defense
1 - 0% - 50%
2 - 0% - 50%
44 Forward
1 - 0% - 50%
2 - 0% - 50%
44 Defense
1 - 0% - 50%
2 - 0% - 50%
Last Minute Offensive  - 0:00
Last Minute Defensive  - 0:00
Total
Forward - 60:00
Defense - 60:00

Play-by-Play

1st period


0:01 of 1st period - Vladimir Sobotka wins face-off versus Tyler Seguin in neutral zone.
0:03 of 1st period - Off-side.
0:04 of 1st period - Vladimir Sobotka wins face-off versus Tyler Seguin in neutral zone.
0:35 of 1st period - Snap shot by Joe Pavelski.
0:35 of 1st period - Deflect By Jonathan Marchessault.
0:35 of 1st period - Stopped by Antti Niemi without a rebound.
0:36 of 1st period - Tomas Plekanec wins face-off versus Ryan O'Reilly in Montreal Canadiens zone.
0:41 of 1st period - Jonathan Marchessault is hit by Tomas Plekanec and loses puck.
1:19 of 1st period - Wrist shot by Brendan Gallagher.
1:19 of 1st period - Stopped by Aaron Dell without a rebound.
1:20 of 1st period - Andrew Shaw wins face-off versus Derek MacKenzie in Boston Bruins zone.
1:21 of 1st period - Wrist shot by Brendan Gallagher.
1:21 of 1st period - Stopped by Aaron Dell without a rebound.
1:22 of 1st period - Derek MacKenzie wins face-off versus Chris Wagner in Boston Bruins zone.
1:47 of 1st period - Slapshot by Tomas Tatar.
1:47 of 1st period - Stopped by Aaron Dell with a rebound.
1:55 of 1st period - Slapshot by Tomas Tatar.
1:55 of 1st period - Stopped by Aaron Dell without a rebound.
1:56 of 1st period - Vladimir Sobotka wins face-off versus Riley Nash in Boston Bruins zone.
2:03 of 1st period - Slapshot by Alexander Radulov.
2:03 of 1st period - Shot Misses the Net.
2:05 of 1st period - Snap shot by Alexander Radulov.
2:05 of 1st period - Shot Blocked by Riley Nash.
2:07 of 1st period - Slapshot by Esa Lindell.
2:07 of 1st period - Shot Blocked by Charlie McAvoy.
2:27 of 1st period - Slapshot by Jonathan Marchessault.
2:27 of 1st period - Shot Misses the Net.
3:30 of 1st period - Snap shot by Alexander Radulov.
3:30 of 1st period - Shot Hit the Post.
3:54 of 1st period - Snap shot by Max Pacioretty.
3:54 of 1st period - Shot Blocked by Ryan O'Reilly.
3:56 of 1st period - Snap shot by Max Pacioretty.
3:56 of 1st period - Shot Misses the Net.
4:12 of 1st period - Slapshot by Nick Ritchie.
4:12 of 1st period - Stopped by Aaron Dell without a rebound.
4:13 of 1st period - Tyler Seguin wins face-off versus Chris Wagner in Boston Bruins zone.
4:13 of 1st period - Tyler Seguin is hit by Chris Wagner.
4:23 of 1st period - Greg Pateryn is hit by Brad Marchand and loses puck.
4:38 of 1st period - Greg Pateryn is hit by Tim Schaller and loses puck.
4:44 of 1st period - Off-side.
4:45 of 1st period - Tomas Plekanec wins face-off versus Derek MacKenzie in neutral zone.
5:32 of 1st period - Snap shot by Tomas Tatar.
5:32 of 1st period - Stopped by Aaron Dell with a rebound.
5:42 of 1st period - Snap shot by Tomas Tatar.
5:42 of 1st period - Stopped by Aaron Dell without a rebound.
5:43 of 1st period - Vladimir Sobotka wins face-off versus David Pastrnak in Boston Bruins zone.
6:06 of 1st period - Icing by Alexander Radulov.
6:07 of 1st period - Ryan O'Reilly wins face-off versus Max Pacioretty in Montreal Canadiens zone.
6:18 of 1st period - Slapshot by Max Pacioretty.
6:18 of 1st period - Goal by Max Pacioretty - Boston Bruins : 0 - Montreal Canadiens : 1.
6:19 of 1st period - Andrew Shaw wins face-off versus Tyler Seguin in neutral zone.
7:54 of 1st period - Andrew Shaw is hit by David Pastrnak and loses puck.
8:29 of 1st period - Ryan Spooner is hit by Nick Ritchie and loses puck.
9:07 of 1st period - Tyler Seguin is hit by Max Pacioretty and loses puck.
9:18 of 1st period - Wrist shot by Tyler Seguin.
9:18 of 1st period - Shot Misses the Net.
9:25 of 1st period - Wrist shot by Alexander Radulov.
9:25 of 1st period - Stopped by Aaron Dell with a rebound.
9:27 of 1st period - Wrist shot by Vladimir Sobotka.
9:27 of 1st period - Stopped by Aaron Dell with a rebound.
9:29 of 1st period - Wrist shot by Alexander Radulov.
9:29 of 1st period - Shot Misses the Net.
10:28 of 1st period - Tim Schaller is hit by Greg Pateryn and loses puck.
11:17 of 1st period - Slapshot by Jonathan Marchessault.
11:17 of 1st period - Shot Misses the Net.
11:29 of 1st period - Esa Lindell is hit by Ryan Donato and loses puck.
11:36 of 1st period - Niklas Hjalmarsson is hit by Vladimir Sobotka and loses puck.
11:51 of 1st period - Tomas Tatar is hit by Adam McQuaid and loses puck.
13:52 of 1st period - Tyler Seguin is hit by Greg Pateryn and loses puck.
14:19 of 1st period - Slapshot by Ryan O'Reilly.
14:19 of 1st period - Deflect By Joe Pavelski.
14:19 of 1st period - Stopped by Antti Niemi with a rebound.
15:42 of 1st period - Joe Pavelski is hit by Anthony Beauvillier and loses puck.
18:18 of 1st period - Tim Schaller is hit by Tomas Tatar and loses puck.
18:46 of 1st period - Anthony Beauvillier is hit by Niklas Hjalmarsson and loses puck.
19:05 of 1st period - Brendan Gallagher is hit by Charlie McAvoy and loses puck.
19:44 of 1st period - Brendan Gallagher is hit by Jonathan Marchessault and loses puck.
Goals for this period are 0 for Boston Bruins vs 1 for Montreal Canadiens.
Shots for this period are 2 for Boston Bruins vs 10 for Montreal Canadiens.

2nd period


0:01 of 2nd period - Andrew Shaw wins face-off versus Tyler Seguin in neutral zone.
0:06 of 2nd period - Wrist shot by Max Pacioretty.
0:06 of 2nd period - Stopped by Aaron Dell without a rebound.
0:07 of 2nd period - Tyler Seguin wins face-off versus Andrew Shaw in Boston Bruins zone.
1:02 of 2nd period - Snap shot by Ryan Donato.
1:02 of 2nd period - Goal by Ryan Donato - Boston Bruins : 1 - Montreal Canadiens : 1.
1:03 of 2nd period - Tyler Seguin wins face-off versus Andrew Shaw in neutral zone.
1:05 of 2nd period - Off-side.
1:06 of 2nd period - Tyler Seguin wins face-off versus Andrew Shaw in neutral zone.
1:16 of 2nd period - Wrist shot by Brad Marchand.
1:16 of 2nd period - Shot Hit the Post.
1:22 of 2nd period - Snap shot by Brad Marchand.
1:22 of 2nd period - Shot Blocked by Brendan Gallagher.
1:42 of 2nd period - Wrist shot by Ryan O'Reilly.
1:42 of 2nd period - Goal by Ryan O'Reilly - Boston Bruins : 2 - Montreal Canadiens : 1.
1:43 of 2nd period - Tyler Seguin wins face-off versus Andrew Shaw in neutral zone.
1:55 of 2nd period - Snap shot by Andrew Shaw.
1:55 of 2nd period - Shot Misses the Net.
2:17 of 2nd period - Snap shot by Alexander Radulov.
2:17 of 2nd period - Stopped by Aaron Dell without a rebound.
2:18 of 2nd period - Riley Nash wins face-off versus Tomas Plekanec in Boston Bruins zone.
2:45 of 2nd period - Esa Lindell is hit by Tyler Seguin and loses puck.
3:10 of 2nd period - Snap shot by Vladimir Sobotka.
3:10 of 2nd period - Shot Blocked by Jonathan Marchessault.
3:56 of 2nd period - Snap shot by Tomas Tatar.
3:56 of 2nd period - Stopped by Aaron Dell without a rebound.
3:57 of 2nd period - Brad Marchand wins face-off versus Chris Wagner in Boston Bruins zone.
4:22 of 2nd period - Niklas Hjalmarsson is hit by Jeff Petry.
4:45 of 2nd period - Wrist shot by Max Pacioretty.
4:45 of 2nd period - Stopped by Aaron Dell with a rebound.
4:47 of 2nd period - Slapshot by Esa Lindell.
4:47 of 2nd period - Deflect By Max Pacioretty.
4:47 of 2nd period - Shot Blocked by Ryan Donato.
4:47 of 2nd period - Puck is out of play.
4:48 of 2nd period - Riley Nash wins face-off versus Artturi Lehkonen in Boston Bruins zone.
5:01 of 2nd period - Wrist shot by Riley Nash.
5:01 of 2nd period - Stopped by Antti Niemi without a rebound.
5:02 of 2nd period - David Pastrnak wins face-off versus Chris Wagner in Montreal Canadiens zone.
5:05 of 2nd period - Snap shot by Tyler Seguin.
5:05 of 2nd period - Stopped by Antti Niemi with a rebound.
5:15 of 2nd period - Slapshot by Jeff Petry.
5:15 of 2nd period - Stopped by Aaron Dell with a rebound.
5:17 of 2nd period - Snap shot by Nick Ritchie.
5:17 of 2nd period - Shot Blocked by Adam McQuaid.
5:36 of 2nd period - Wrist shot by Brendan Gallagher.
5:36 of 2nd period - Shot Misses the Net.
6:30 of 2nd period - Snap shot by Tyler Seguin.
6:30 of 2nd period - Stopped by Antti Niemi without a rebound.
6:31 of 2nd period - Andrew Shaw wins face-off versus Tyler Seguin in Montreal Canadiens zone.
6:56 of 2nd period - Torey Krug is hit by Vladimir Sobotka and loses puck.
7:15 of 2nd period - Tomas Tatar is hit by Ryan Spooner and loses puck.
7:42 of 2nd period - Slapshot by Antoine Roussel.
7:42 of 2nd period - Stopped by Antti Niemi with a rebound.
7:44 of 2nd period - Backhand shot by Antoine Roussel.
7:44 of 2nd period - Deflect By Tim Schaller.
7:44 of 2nd period - Stopped by Antti Niemi without a rebound.
7:45 of 2nd period - Tyler Seguin wins face-off versus Andrew Shaw in Montreal Canadiens zone.
7:50 of 2nd period - Wrist shot by Brad Marchand.
7:50 of 2nd period - Deflect By Andrew Shaw.
7:50 of 2nd period - Shot Blocked by Francois Beauchemin.
7:50 of 2nd period - Puck is out of play.
7:51 of 2nd period - Tyler Seguin wins face-off versus Andrew Shaw in Montreal Canadiens zone.
8:02 of 2nd period - Snap shot by Brad Marchand.
8:02 of 2nd period - Shot Misses the Net.
8:04 of 2nd period - Slapshot by Will Butcher.
8:04 of 2nd period - Stopped by Antti Niemi with a rebound.
8:12 of 2nd period - Minor Penalty to Greg Pateryn for Holding.
8:13 of 2nd period - Tyler Seguin wins face-off versus Chris Wagner in Montreal Canadiens zone.
8:14 of 2nd period - Snap shot by David Pastrnak.
8:14 of 2nd period - Stopped by Antti Niemi without a rebound.
8:15 of 2nd period - Tyler Seguin wins face-off versus Chris Wagner in Montreal Canadiens zone.
8:16 of 2nd period - Snap shot by Brad Marchand.
8:16 of 2nd period - Shot Misses the Net.
8:18 of 2nd period - Slapshot by Torey Krug.
8:18 of 2nd period - Stopped by Antti Niemi with a rebound.
8:20 of 2nd period - Slapshot by Torey Krug.
8:20 of 2nd period - Stopped by Antti Niemi without a rebound.
8:21 of 2nd period - Tyler Seguin wins face-off versus Chris Wagner in Montreal Canadiens zone.
10:02 of 2nd period - Joe Pavelski is hit by Francois Beauchemin and loses puck.
10:12 of 2nd period - Penalty to Greg Pateryn is over, Greg Pateryn is back on ice.
10:19 of 2nd period - Charlie McAvoy is hit by Anthony Beauvillier and loses puck.
10:28 of 2nd period - Greg Pateryn is hit by David Pastrnak.
10:38 of 2nd period - Riley Nash is hit by Nick Ritchie.
10:44 of 2nd period - Kenny Agostino is hit by Ryan Donato.
10:48 of 2nd period - Chris Wagner is hit by Adam McQuaid and loses puck.
11:01 of 2nd period - Brendan Gallagher is hit by Tim Schaller and loses puck.
12:12 of 2nd period - Ryan Spooner is hit by Mikhail Sergachev and loses puck.
12:50 of 2nd period - Ryan O'Reilly is hit by Artturi Lehkonen and loses puck.
13:20 of 2nd period - Brad Marchand is hit by Andrew Shaw and loses puck.
13:45 of 2nd period - Derek MacKenzie is hit by Jeff Petry and loses puck.
14:16 of 2nd period - Jonathan Marchessault is hit by Tomas Tatar and loses puck.
14:23 of 2nd period - Tomas Tatar is hit by Charlie McAvoy.
14:35 of 2nd period - P.K. Subban is hit by Tyler Seguin and loses puck.
14:40 of 2nd period - Slapshot by Tyler Seguin.
14:40 of 2nd period - Stopped by Antti Niemi with a rebound.
14:42 of 2nd period - Snap shot by Tyler Seguin.
14:42 of 2nd period - Shot Misses the Net.
14:56 of 2nd period - Jeff Petry is hit by Ryan Spooner and loses puck.
15:44 of 2nd period - Charlie McAvoy is hit by Anthony Beauvillier and loses puck.
16:05 of 2nd period - David Pastrnak is hit by Francois Beauchemin and loses puck.
16:24 of 2nd period - Antoine Roussel is hit by Anthony Beauvillier.
16:34 of 2nd period - Vladimir Sobotka is hit by Joe Pavelski and loses puck.
16:50 of 2nd period - Greg Pateryn is hit by Charlie McAvoy and loses puck.
16:51 of 2nd period - Greg Pateryn from Montreal Canadiens is injured at 16:51 of 2nd period (Right Leg).
16:52 of 2nd period - Ryan O'Reilly wins face-off versus Chris Wagner in Montreal Canadiens zone.
17:46 of 2nd period - Snap shot by Brendan Gallagher.
17:46 of 2nd period - Stopped by Aaron Dell with a rebound.
17:48 of 2nd period - Slapshot by Jeff Petry.
17:48 of 2nd period - Shot Misses the Net.
17:55 of 2nd period - Minor Penalty to Antoine Roussel for High sticking.
17:56 of 2nd period - Derek MacKenzie wins face-off versus Vladimir Sobotka in Boston Bruins zone.
18:04 of 2nd period - Snap shot by P.K. Subban.
18:04 of 2nd period - Shot Blocked by Niklas Hjalmarsson.
18:06 of 2nd period - Slapshot by P.K. Subban.
18:06 of 2nd period - Stopped by Aaron Dell without a rebound.
18:07 of 2nd period - Derek MacKenzie wins face-off versus Andrew Shaw in Boston Bruins zone.
18:07 of 2nd period - Derek MacKenzie is hit by Brendan Gallagher.
19:19 of 2nd period - Andrew Shaw is hit by Brad Marchand.
19:23 of 2nd period - Brendan Gallagher is hit by Torey Krug and loses puck.
19:51 of 2nd period - Vladimir Sobotka is hit by Derek MacKenzie and loses puck.
19:55 of 2nd period - Penalty to Antoine Roussel is over, Antoine Roussel is back on ice.
Goals for this period are 2 for Boston Bruins vs 0 for Montreal Canadiens.
Shots for this period are 12 for Boston Bruins vs 7 for Montreal Canadiens.

3rd period


0:01 of 3rd period - Ryan O'Reilly wins face-off versus Chris Wagner in neutral zone.
0:06 of 3rd period - Snap shot by Joe Pavelski.
0:06 of 3rd period - Shot Blocked by Chris Wagner.
0:57 of 3rd period - Icing by Anthony Beauvillier.
0:58 of 3rd period - Ryan O'Reilly wins face-off versus Vladimir Sobotka in Montreal Canadiens zone.
0:59 of 3rd period - Snap shot by Jonathan Marchessault.
0:59 of 3rd period - Shot Misses the Net.
1:01 of 3rd period - Backhand shot by Joe Pavelski.
1:01 of 3rd period - Deflect By Jonathan Marchessault.
1:01 of 3rd period - Shot Misses the Net.
1:01 of 3rd period - Puck is out of play.
1:02 of 3rd period - Ryan O'Reilly wins face-off versus Chris Wagner in Montreal Canadiens zone.
1:13 of 3rd period - Snap shot by Joe Pavelski.
1:13 of 3rd period - Stopped by Antti Niemi with a rebound.
1:15 of 3rd period - Snap shot by Ryan O'Reilly.
1:15 of 3rd period - Stopped by Antti Niemi without a rebound.
1:16 of 3rd period - Tyler Seguin wins face-off versus Tomas Plekanec in Montreal Canadiens zone.
1:29 of 3rd period - Snap shot by Tyler Seguin.
1:29 of 3rd period - Stopped by Antti Niemi without a rebound.
1:30 of 3rd period - Andrew Shaw wins face-off versus Ryan O'Reilly in Montreal Canadiens zone.
1:35 of 3rd period - Slapshot by Esa Lindell.
1:35 of 3rd period - Shot Misses the Net.
1:45 of 3rd period - Wrist shot by Ryan O'Reilly.
1:45 of 3rd period - Shot Misses the Net.
1:55 of 3rd period - Brad Marchand is hit by Kenny Agostino and loses puck.
2:02 of 3rd period - Slapshot by Tyler Seguin.
2:02 of 3rd period - Stopped by Antti Niemi with a rebound.
2:04 of 3rd period - Slapshot by Adam McQuaid.
2:04 of 3rd period - Deflect By Tyler Seguin.
2:04 of 3rd period - Stopped by Antti Niemi without a rebound.
2:05 of 3rd period - Tomas Plekanec wins face-off versus Ryan O'Reilly in Montreal Canadiens zone.
2:20 of 3rd period - Snap shot by Jonathan Marchessault.
2:20 of 3rd period - Goal by Jonathan Marchessault - Boston Bruins : 3 - Montreal Canadiens : 1.
2:21 of 3rd period - Tyler Seguin wins face-off versus Chris Wagner in neutral zone.
2:30 of 3rd period - Slapshot by Mikhail Sergachev.
2:30 of 3rd period - Deflect By Nick Ritchie.
2:30 of 3rd period - Shot Blocked by Tyler Seguin.
2:30 of 3rd period - Puck is out of play.
2:31 of 3rd period - Tyler Seguin wins face-off versus Chris Wagner in Boston Bruins zone.
2:52 of 3rd period - Slapshot by Jeff Petry.
2:52 of 3rd period - Shot Misses the Net.
2:54 of 3rd period - Slapshot by Jeff Petry.
2:54 of 3rd period - Shot Blocked by Brad Marchand.
2:56 of 3rd period - Wrist shot by Nick Ritchie.
2:56 of 3rd period - Goal by Nick Ritchie - Boston Bruins : 3 - Montreal Canadiens : 2.
2:57 of 3rd period - Ryan O'Reilly wins face-off versus Vladimir Sobotka in neutral zone.
3:04 of 3rd period - Wrist shot by Joe Pavelski.
3:04 of 3rd period - Stopped by Antti Niemi without a rebound.
3:05 of 3rd period - Ryan O'Reilly wins face-off versus Vladimir Sobotka in Montreal Canadiens zone.
3:06 of 3rd period - Wrist shot by Joe Pavelski.
3:06 of 3rd period - Deflect By Jonathan Marchessault.
3:06 of 3rd period - Shot Blocked by P.K. Subban.
3:06 of 3rd period - Puck is out of play.
3:07 of 3rd period - Vladimir Sobotka wins face-off versus Ryan O'Reilly in Montreal Canadiens zone.
4:12 of 3rd period - Snap shot by Alexander Radulov.
4:12 of 3rd period - Shot Misses the Net.
4:50 of 3rd period - Slapshot by Alexander Radulov.
4:50 of 3rd period - Shot Misses the Net.
5:42 of 3rd period - Backhand shot by P.K. Subban.
5:42 of 3rd period - Stopped by Aaron Dell without a rebound.
5:43 of 3rd period - Tyler Seguin wins face-off versus Artturi Lehkonen in Boston Bruins zone.
5:43 of 3rd period - Tyler Seguin is hit by Mikhail Sergachev.
6:03 of 3rd period - David Pastrnak is hit by Jeff Petry and loses puck.
6:18 of 3rd period - Snap shot by Brendan Gallagher.
6:18 of 3rd period - Stopped by Aaron Dell with a rebound.
6:34 of 3rd period - Wrist shot by Ryan Spooner.
6:34 of 3rd period - Stopped by Antti Niemi with a rebound.
6:36 of 3rd period - Snap shot by Antoine Roussel.
6:36 of 3rd period - Shot Misses the Net.
6:40 of 3rd period - Wrist shot by Tim Schaller.
6:40 of 3rd period - Deflect By Antoine Roussel.
6:40 of 3rd period - Stopped by Antti Niemi without a rebound.
6:41 of 3rd period - Derek MacKenzie wins face-off versus Tomas Plekanec in Montreal Canadiens zone.
6:46 of 3rd period - Slapshot by Derek MacKenzie.
6:46 of 3rd period - Stopped by Antti Niemi without a rebound.
6:47 of 3rd period - Tyler Seguin wins face-off versus Tomas Plekanec in Montreal Canadiens zone.
7:43 of 3rd period - Tim Schaller is hit by Chris Wagner and loses puck.
7:55 of 3rd period - Minor Penalty to Derek MacKenzie for Roughing.
7:56 of 3rd period - Andrew Shaw wins face-off versus Antoine Roussel in Boston Bruins zone.
7:59 of 3rd period - Slapshot by P.K. Subban.
7:59 of 3rd period - Deflect By Brendan Gallagher.
7:59 of 3rd period - Shot Misses the Net.
7:59 of 3rd period - Puck is out of play.
8:00 of 3rd period - Antoine Roussel wins face-off versus Andrew Shaw in Boston Bruins zone.
8:00 of 3rd period - Antoine Roussel is hit by Andrew Shaw.
8:10 of 3rd period - Brendan Gallagher is hit by Antoine Roussel and loses puck.
9:48 of 3rd period - Max Pacioretty is hit by Ryan O'Reilly.
9:55 of 3rd period - Penalty to Derek MacKenzie is over, Derek MacKenzie is back on ice.
10:48 of 3rd period - Icing by Brandon Carlo.
10:49 of 3rd period - Tyler Seguin wins face-off versus Andrew Shaw in Boston Bruins zone.
10:58 of 3rd period - Wrist shot by Brad Marchand.
10:58 of 3rd period - Goal by Brad Marchand - Boston Bruins : 4 - Montreal Canadiens : 2.
10:59 of 3rd period - Tomas Plekanec wins face-off versus Tyler Seguin in neutral zone.
11:07 of 3rd period - Brad Marchand is hit by P.K. Subban and loses puck.
11:15 of 3rd period - Minor Penalty to Tomas Plekanec for Hooking.
11:16 of 3rd period - Ryan O'Reilly wins face-off versus Andrew Shaw in Montreal Canadiens zone.
11:18 of 3rd period - Wrist shot by Joe Pavelski.
11:18 of 3rd period - Shot Misses the Net.
11:20 of 3rd period - Slapshot by Charlie McAvoy.
11:20 of 3rd period - Goal by Charlie McAvoy - Boston Bruins : 5 - Montreal Canadiens : 2.
11:21 of 3rd period - Tyler Seguin wins face-off versus Andrew Shaw in neutral zone.
11:33 of 3rd period - Wrist shot by Brendan Gallagher.
11:33 of 3rd period - Shot Misses the Net.
11:35 of 3rd period - Slapshot by P.K. Subban.
11:35 of 3rd period - Stopped by Aaron Dell with a rebound.
11:37 of 3rd period - Wrist shot by Max Pacioretty.
11:37 of 3rd period - Stopped by Aaron Dell with a rebound.
11:55 of 3rd period - Snap shot by Riley Nash.
11:55 of 3rd period - Deflect By Ryan Donato.
11:55 of 3rd period - Shot Misses the Net.
11:55 of 3rd period - Puck is out of play.
11:56 of 3rd period - Ryan O'Reilly wins face-off versus Nick Ritchie in Montreal Canadiens zone.
11:59 of 3rd period - Wrist shot by Joe Pavelski.
11:59 of 3rd period - Deflect By Ryan O'Reilly.
11:59 of 3rd period - Shot Blocked by Mikhail Sergachev.
11:59 of 3rd period - Puck is out of play.
12:00 of 3rd period - Ryan O'Reilly wins face-off versus Nick Ritchie in Montreal Canadiens zone.
12:09 of 3rd period - Snap shot by Chris Wagner.
12:09 of 3rd period - Shot Blocked by Ryan O'Reilly.
12:38 of 3rd period - Adam McQuaid is hit by Andrew Shaw and loses puck.
12:49 of 3rd period - Max Pacioretty is hit by David Pastrnak and loses puck.
13:10 of 3rd period - Wrist shot by Tyler Seguin.
13:10 of 3rd period - Shot Blocked by Jeff Petry.
13:12 of 3rd period - Slapshot by Charlie McAvoy.
13:12 of 3rd period - Stopped by Antti Niemi without a rebound.
13:13 of 3rd period - Riley Nash wins face-off versus Tomas Plekanec in Montreal Canadiens zone.
13:13 of 3rd period - Ryan Spooner is hit by Esa Lindell.
13:15 of 3rd period - Wrist shot by Riley Nash.
13:15 of 3rd period - Goal by Riley Nash - Boston Bruins : 6 - Montreal Canadiens : 2.
13:16 of 3rd period - Tomas Plekanec wins face-off versus Riley Nash in neutral zone.
13:31 of 3rd period - Wrist shot by Tomas Plekanec.
13:31 of 3rd period - Stopped by Aaron Dell with a rebound.
13:41 of 3rd period - P.K. Subban is hit by David Pastrnak and loses puck.
14:06 of 3rd period - Joe Pavelski is hit by Andrew Shaw and loses puck.
14:16 of 3rd period - Icing by Charlie McAvoy.
14:17 of 3rd period - Tomas Plekanec wins face-off versus Ryan O'Reilly in Boston Bruins zone.
14:18 of 3rd period - Slapshot by Tomas Tatar.
14:18 of 3rd period - Shot Misses the Net.
14:24 of 3rd period - P.K. Subban is hit by Joe Pavelski and loses puck.
15:00 of 3rd period - Nick Ritchie beats up Will Butcher.
15:00 of 3rd period - Penalty to Nick Ritchie for Fighting.
15:00 of 3rd period - Penalty to Will Butcher for Fighting.
15:01 of 3rd period - Tomas Plekanec wins face-off versus Riley Nash in Montreal Canadiens zone.
15:22 of 3rd period - Minor Penalty to Torey Krug for Hooking.
15:23 of 3rd period - Vladimir Sobotka wins face-off versus Derek MacKenzie in Boston Bruins zone.
15:30 of 3rd period - Slapshot by Alexander Radulov.
15:30 of 3rd period - Stopped by Aaron Dell with a rebound.
16:02 of 3rd period - Brandon Carlo is hit by Brendan Gallagher and loses puck.
16:39 of 3rd period - Anthony Beauvillier is hit by Ryan O'Reilly.
16:57 of 3rd period - Vladimir Sobotka is hit by Charlie McAvoy.
17:22 of 3rd period - Penalty to Torey Krug is over, Torey Krug is back on ice.
17:51 of 3rd period - Esa Lindell is hit by Niklas Hjalmarsson and loses puck.
18:17 of 3rd period - David Pastrnak is hit by Artturi Lehkonen and loses puck.
18:49 of 3rd period - Brendan Gallagher is hit by Adam McQuaid and loses puck.
19:28 of 3rd period - Alexander Radulov is hit by Joe Pavelski and loses puck.
19:51 of 3rd period - Icing by Esa Lindell.
19:52 of 3rd period - Ryan O'Reilly wins face-off versus Alexander Radulov in Montreal Canadiens zone.
19:53 of 3rd period - Backhand shot by Jonathan Marchessault.
19:53 of 3rd period - Stopped by Antti Niemi without a rebound.
19:54 of 3rd period - Ryan O'Reilly wins face-off versus Brendan Gallagher in Montreal Canadiens zone.
Goals for this period are 4 for Boston Bruins vs 1 for Montreal Canadiens.
Shots for this period are 15 for Boston Bruins vs 7 for Montreal Canadiens.